TOP OF THE 1ST |
Thunder Bay Northern Lions BC batting - Pitching for Mississippi Mockingbirds : RHP Gary Ashley
|
Pitching: RHP Gary Ashley
|
|
Batting: LHB Ramón Padilla
|
0-0: Ball 1-0: Called Strike 1-1: Foul Ball, location: 2F 1-2: Foul Ball, location: 2F 1-2: Foul Ball, location: 2F 1-2: Strikes out swinging
|
Batting: RHB Charles Josse
|
0-0: Foul Ball, location: 2F 0-1: Ball 1-1: Called Strike 1-2: Foul Ball, location: 2F 1-2: Foul Ball, location: 2F 1-2: Ball 2-2: Foul Ball, location: 2F 2-2: Ball 3-2: Ground out 5-3 (Groundball, 5, EV 92.5 MPH)
|
Batting: LHB Keaton Kringlen
|
0-0: DOUBLE (Flyball, 78D, EV 96.2 MPH)
|
Batting: LHB Sébastien Cornu
|
0-0: Called Strike 0-1: Ball 1-1: Swinging Strike 1-2: Ball 2-2: Ball 3-2: Strikes out looking
|
Top of the 1st over - 0 runs, 1 hit, 0 errors, 1 left on base; Thunder Bay 0 - Mississippi 0 |
BOTTOM OF THE 1ST |
Mississippi Mockingbirds batting - Pitching for Thunder Bay Northern Lions BC : RHP David Schrattenthaler
|
Pitching: RHP David Schrattenthaler
|
|
Batting: LHB Warren King
|
0-0: Called Strike 0-1: Foul Ball, location: 2F 0-2: Ball 1-2: Ball 2-2: Foul Ball, location: 2F 2-2: Ball 3-2: Base on Balls
|
Batting: LHB Rylen Roersma
|
0-0: Fielders Choice at 2nd, 6-4 (Groundball, 6, EV 79.4 MPH)
|
Batting: RHB Doug Allerdale
|
0-0: Called Strike 0-1: Ball 1-1: Called Strike 1-2: Grounds into double play, 5-4-3 (Groundball, 5, EV 83.8 MPH)
|
Bottom of the 1st over - 0 runs, 0 hits, 0 errors, 0 left on base; Thunder Bay 0 - Mississippi 0 |
TOP OF THE 2ND |
Thunder Bay Northern Lions BC batting - Pitching for Mississippi Mockingbirds : RHP Gary Ashley
|
Batting: RHB Curf Pierstisnips
|
0-0: Ground out 5-3 (Groundball, 56S, EV 72.5 MPH)
|
Batting: LHB Yao-pang Chiang
|
0-0: Ball 1-0: Ball 2-0: Foul Ball, location: 2F 2-1: Ball 3-1: Ground out 4-3 (Groundball, 4, EV 86.2 MPH)
|
Batting: RHB Dusty Crum
|
0-0: Swinging Strike 0-1: SINGLE (Line Drive, 8RS, EV 90.0 MPH)
|
Batting: RHB Griffin Woodfinlevine
|
0-0: Called Strike 0-1: Ground out 6-3 (Groundball, 4M, EV 89.4 MPH)
|
Top of the 2nd over - 0 runs, 1 hit, 0 errors, 1 left on base; Thunder Bay 0 - Mississippi 0 |
BOTTOM OF THE 2ND |
Mississippi Mockingbirds batting - Pitching for Thunder Bay Northern Lions BC : RHP David Schrattenthaler
|
Batting: RHB Júlio Coronado
|
0-0: Foul Ball, location: 2F 0-1: Ball 1-1: SINGLE (Line Drive, 8RS, EV 107.5 MPH)
|
Batting: LHB Jesús Lazcano
|
0-0: Ball 1-0: DOUBLE (Groundball, 5L, EV 96.2 MPH) Júlio Coronado to third Runner from 3rd tries for Home, SAFE, throw by LF to trailing runner, SAFE at third!
|
Batting: LHB Seb Blanch
|
0-0: Swinging Strike 0-1: Foul Ball, location: 2F 0-2: Ball 1-2: Foul Ball, location: 2F 1-2: Foul Ball, location: 2F 1-2: Ball 2-2: Reached on error, E4 (Groundball, 4, EV 97.5 MPH) Jesús Lazcano scores
|
Batting: RHB Yong-hong Ren
|
0-0: Ball 1-0: Fly out, F4 (Popup, 4S, EV 78.1 MPH)
|
Batting: LHB Wu-shun Chu
|
0-0: Fly out, F9 (Flyball, 9S, EV 95.0 MPH)
|
Batting: RHB Jorge Muńóz
|
0-0: Called Strike 0-1: Fielders Choice at 2nd, 6-4 (Groundball, 6, EV 86.2 MPH)
|
Bottom of the 2nd over - 2 runs, 2 hits, 1 error, 1 left on base; Thunder Bay 0 - Mississippi 2 |
TOP OF THE 3RD |
Thunder Bay Northern Lions BC batting - Pitching for Mississippi Mockingbirds : RHP Gary Ashley
|
Batting: LHB Barry Flauker
|
0-0: Ball 1-0: Foul Ball, location: 2F 1-1: Called Strike 1-2: Ground out 1-3 (Groundball, 13S, EV 63.1 MPH)
|
Batting: LHB Ramón Padilla
|
0-0: Called Strike 0-1: Ground out 1-3 (Groundball, P, EV 88.1 MPH)
|
Batting: RHB Charles Josse
|
0-0: Foul Ball, location: 2F 0-1: Ground out 6-3 (Groundball, 6, EV 85.6 MPH)
|
Top of the 3rd over - 0 runs, 0 hits, 0 errors, 0 left on base; Thunder Bay 0 - Mississippi 2 |
BOTTOM OF THE 3RD |
Mississippi Mockingbirds batting - Pitching for Thunder Bay Northern Lions BC : RHP David Schrattenthaler
|
Batting: LHB Warren King
|
0-0: Fly out, F9 (Flyball, 9S, EV 93.1 MPH)
|
Batting: LHB Rylen Roersma
|
0-0: Ball 1-0: Called Strike 1-1: SINGLE (Line Drive, 6MD, EV 93.8 MPH)
|
Batting: RHB Doug Allerdale
|
0-0: Ball 1-0: Foul Ball, location: 2F 1-1: 2-RUN HOME RUN (Flyball, 78XD, EV 102.5 MPH), Distance : 401 ft
|
Batting: RHB Júlio Coronado
|
0-0: Ball 1-0: Ball 2-0: Ball 3-0: SINGLE (Groundball, 56D, EV 96.9 MPH)
|
Batting: LHB Jesús Lazcano
|
0-0: Ball 1-0: Ball 2-0: Grounds into double play, 5-4-3 (Groundball, 56, EV 83.8 MPH)
|
Bottom of the 3rd over - 2 runs, 3 hits, 0 errors, 0 left on base; Thunder Bay 0 - Mississippi 4 |
TOP OF THE 4TH |
Thunder Bay Northern Lions BC batting - Pitching for Mississippi Mockingbirds : RHP Gary Ashley
|
Batting: LHB Keaton Kringlen
|
0-0: Ball 1-0: Ball 2-0: Ball 3-0: Base on Balls
|
Batting: LHB Sébastien Cornu
|
0-0: Swinging Strike 0-1: Foul Ball, location: 2F 0-2: DOUBLE (Line Drive, 78D, EV 108.8 MPH) Keaton Kringlen to third
|
Batting: RHB Curf Pierstisnips
|
0-0: Ball 1-0: Ball 2-0: Swinging Strike 2-1: Fly out, F8 (Flyball, 8RD, EV 91.2 MPH) Runner from 3rd tags up, OUT at HOME! 8-2 Sébastien Cornu to third
|
Batting: LHB Yao-pang Chiang
|
0-0: Called Strike 0-1: Ball 1-1: Ball 2-1: Swinging Strike 2-2: Ball 3-2: Fly out, F8 (Flyball, 8LM, EV 90.0 MPH)
|
Top of the 4th over - 0 runs, 1 hit, 0 errors, 1 left on base; Thunder Bay 0 - Mississippi 4 |
BOTTOM OF THE 4TH |
Mississippi Mockingbirds batting - Pitching for Thunder Bay Northern Lions BC : RHP David Schrattenthaler
|
Batting: LHB Seb Blanch
|
0-0: Swinging Strike 0-1: Fly out, F8 (Flyball, 8RM, EV 78.8 MPH)
|
Batting: RHB Yong-hong Ren
|
0-0: Ball 1-0: Ball 2-0: Swinging Strike 2-1: Fly out, F7 (Line Drive, 7, EV 96.9 MPH)
|
Batting: LHB Wu-shun Chu
|
0-0: Ball 1-0: Ball 2-0: Fly out, F8 (Flyball, 8LM, EV 91.9 MPH)
|
Bottom of the 4th over - 0 runs, 0 hits, 0 errors, 0 left on base; Thunder Bay 0 - Mississippi 4 |
TOP OF THE 5TH |
Thunder Bay Northern Lions BC batting - Pitching for Mississippi Mockingbirds : RHP Gary Ashley
|
Batting: RHB Dusty Crum
|
0-0: Foul Ball, location: 2F 0-1: Foul Ball, location: 2F 0-2: Ball 1-2: Ball 2-2: Foul Ball, location: 2F 2-2: Strikes out swinging, 2-3 out at first.
|
Batting: RHB Griffin Woodfinlevine
|
0-0: Foul Ball, location: 2F 0-1: Ball 1-1: Ball 2-1: Ball 3-1: Fly out, F7 (Flyball, 78S, EV 91.9 MPH)
|
Batting: LHB Barry Flauker
|
0-0: Swinging Strike 0-1: Ball 1-1: Swinging Strike 1-2: Strikes out swinging
|
Top of the 5th over - 0 runs, 0 hits, 0 errors, 0 left on base; Thunder Bay 0 - Mississippi 4 |
BOTTOM OF THE 5TH |
Mississippi Mockingbirds batting - Pitching for Thunder Bay Northern Lions BC : RHP David Schrattenthaler
|
Batting: RHB Jorge Muńóz
|
0-0: Ground out 6-3 (Groundball, 6, EV 88.8 MPH)
|
Batting: LHB Warren King
|
0-0: Ground out U3 (Groundball, 34, EV 88.1 MPH)
|
Batting: LHB Rylen Roersma
|
0-0: Called Strike 0-1: Ball 1-1: Called Strike 1-2: Ball 2-2: Foul Ball, location: 2F 2-2: Fly out, F9 (Flyball, 89M, EV 85.6 MPH)
|
Bottom of the 5th over - 0 runs, 0 hits, 0 errors, 0 left on base; Thunder Bay 0 - Mississippi 4 |
TOP OF THE 6TH |
Thunder Bay Northern Lions BC batting - Pitching for Mississippi Mockingbirds : RHP Gary Ashley
|
Batting: LHB Ramón Padilla
|
0-0: Foul Ball, location: 2F 0-1: Foul Ball, location: 2F 0-2: Strikes out swinging
|
Batting: RHB Charles Josse
|
0-0: Foul Ball, location: 2F 0-1: Swinging Strike 0-2: Ball 1-2: Foul Ball, location: 2F 1-2: Foul Ball, location: 2F 1-2: SINGLE (Line Drive, 4D, EV 101.2 MPH)
|
Batting: LHB Keaton Kringlen
|
0-0: Ball 1-0: Ball 2-0: Called Strike 2-1: Foul Ball, location: 2F 2-2: Ball 3-2: Foul Ball, location: 2F 3-2: Foul Ball, location: 2F 3-2: Strikes out swinging Charles Josse steals 2nd base (no throw) Batter strikes out.
|
Batting: LHB Sébastien Cornu
|
0-0: Foul Ball, location: 2F 0-1: Ball 1-1: Ball 2-1: Ball 3-1: Foul Ball, location: 2F 3-2: 2-RUN HOME RUN (Line Drive, 9D, EV 101.2 MPH), Distance : 339 ft
|
Batting: RHB Curf Pierstisnips
|
0-0: Foul Ball, location: 2F 0-1: SINGLE (Groundball, 4MD, EV 93.8 MPH)
|
Pitching: RHP Javier Benavides
|
|
Batting: LHB Yao-pang Chiang
|
0-0: Called Strike 0-1: Ball Curf Pierstisnips is caught stealing 2nd base 2-6
|
Top of the 6th over - 2 runs, 3 hits, 0 errors, 0 left on base; Thunder Bay 2 - Mississippi 4 |
BOTTOM OF THE 6TH |
Mississippi Mockingbirds batting - Pitching for Thunder Bay Northern Lions BC : RHP David Schrattenthaler
|
Batting: RHB Doug Allerdale
|
0-0: Ball 1-0: Called Strike 1-1: Ball 2-1: Foul Ball, location: 2F 2-2: Fly out, F9 (Flyball, 9S, EV 95.6 MPH)
|
Batting: RHB Júlio Coronado
|
0-0: Foul Ball, location: 2F 0-1: Ball 1-1: Called Strike 1-2: Ball 2-2: Foul Ball, location: 2F 2-2: Ball 3-2: SINGLE (Groundball, 3D, EV 96.2 MPH)
|
Batting: LHB Jesús Lazcano
|
0-0: Ball Wild Pitch! Júlio Coronado to second 1-0: Called Strike 1-1: Ball 2-1: DOUBLE (Line Drive, 89D, EV 102.5 MPH) Júlio Coronado scores
|
Batting: LHB Seb Blanch
|
0-0: Swinging Strike 0-1: Called Strike 0-2: Strikes out swinging
|
Batting: RHB Yong-hong Ren
|
0-0: Foul Ball, location: 2F 0-1: Foul Ball, location: 2F 0-2: Ball 1-2: Ball 2-2: Strikes out swinging
|
Bottom of the 6th over - 1 run, 2 hits, 0 errors, 1 left on base; Thunder Bay 2 - Mississippi 5 |
TOP OF THE 7TH |
Thunder Bay Northern Lions BC batting - Pitching for Mississippi Mockingbirds : RHP Javier Benavides
|
Batting: LHB Yao-pang Chiang
|
0-0: Ball 1-0: Called Strike 1-1: Ball 2-1: Ball 3-1: Base on Balls
|
Batting: RHB Dusty Crum
|
0-0: Bunted foul 0-1: Sac Bunt to 3S - play at first, batter OUT! 3-4 Yao-pang Chiang to second
|
Batting: RHB Griffin Woodfinlevine
|
0-0: Called Strike 0-1: Called Strike 0-2: Ball 1-2: Fly out, F8 (Flyball, 8LS, EV 84.4 MPH)
|
Batting: LHB Barry Flauker
|
0-0: Called Strike 0-1: Ball 1-1: Ground out 1-3 (Groundball, 13, EV 68.1 MPH)
|
Top of the 7th over - 0 runs, 0 hits, 0 errors, 1 left on base; Thunder Bay 2 - Mississippi 5 |
BOTTOM OF THE 7TH |
Mississippi Mockingbirds batting - Pitching for Thunder Bay Northern Lions BC : RHP David Schrattenthaler
|
Batting: LHB Wu-shun Chu
|
0-0: Ball 1-0: Called Strike 1-1: Ground out 4-3 (Groundball, 4, EV 98.8 MPH)
|
Batting: RHB Jorge Muńóz
|
0-0: Ball 1-0: Ball 2-0: Ball 3-0: Base on Balls
|
Batting: LHB Warren King
|
0-0: Called Strike 0-1: Fielders Choice at 2nd, 3-6 (Groundball, 3S, EV 87.5 MPH)
|
Batting: LHB Rylen Roersma
|
0-0: Ball 1-0: Ball 2-0: Foul Ball, location: 2F 2-1: Swinging Strike 2-2: DOUBLE (Groundball, 3L, EV 103.8 MPH) Warren King to third Runner from 3rd tries for Home, SAFE, no throw by RF
|
Pitching: RHP Mike Dean
|
|
Batting: RHB Doug Allerdale
|
0-0: Called Strike 0-1: Ball 1-1: Ball 2-1: Foul Ball, location: 2F 2-2: Foul Ball, location: 2F 2-2: SINGLE (Line Drive, 6D, EV 106.9 MPH) Rylen Roersma to third
|
Batting: RHB Júlio Coronado
|
0-0: Ball 1-0: Called Strike 1-1: Ball 2-1: Ball 3-1: Fielders Choice at 2nd, 5-4 (Groundball, 5L, EV 84.4 MPH)
|
Bottom of the 7th over - 1 run, 2 hits, 0 errors, 2 left on base; Thunder Bay 2 - Mississippi 6 |
TOP OF THE 8TH |
Thunder Bay Northern Lions BC batting - Pitching for Mississippi Mockingbirds : RHP Javier Benavides
|
Batting: LHB Ramón Padilla
|
0-0: Ball 1-0: Ball 2-0: Foul Ball, location: 2F 2-1: Ball 3-1: Called Strike 3-2: Base on Balls
|
Batting: RHB Charles Josse
|
0-0: Called Strike 0-1: Fly out, F8 (Flyball, 8RS, EV 88.1 MPH)
|
Batting: LHB Keaton Kringlen
|
0-0: Swinging Strike 0-1: Called Strike 0-2: Ball 1-2: Ball 2-2: Strikes out swinging
|
Batting: LHB Sébastien Cornu
|
0-0: Ball 1-0: Called Strike 1-1: Fielders Choice at 2nd, 5-4 (Groundball, 56, EV 80.0 MPH)
|
Top of the 8th over - 0 runs, 0 hits, 0 errors, 1 left on base; Thunder Bay 2 - Mississippi 6 |
BOTTOM OF THE 8TH |
Mississippi Mockingbirds batting - Pitching for Thunder Bay Northern Lions BC : RHP Mike Dean
|
Batting: LHB Jesús Lazcano
|
0-0: Ball 1-0: SINGLE (Line Drive, 56D, EV 95.0 MPH)
|
Batting: LHB Seb Blanch
|
0-0: Grounds into double play, 4-6-3 (Groundball, 34, EV 102.5 MPH)
|
Batting: RHB Yong-hong Ren
|
0-0: Foul Ball, location: 2F 0-1: SINGLE (Line Drive, 8RS, EV 93.8 MPH)
|
Batting: LHB Wu-shun Chu
|
0-0: Called Strike 0-1: Ball 1-1: Ball 2-1: Called Strike 2-2: Ball 3-2: Ground out 4-3 (Groundball, 4, EV 76.2 MPH)
|
Bottom of the 8th over - 0 runs, 2 hits, 0 errors, 1 left on base; Thunder Bay 2 - Mississippi 6 |
TOP OF THE 9TH |
Thunder Bay Northern Lions BC batting - Pitching for Mississippi Mockingbirds : RHP Javier Benavides
|
Batting: RHB Curf Pierstisnips
|
0-0: Ball 1-0: Swinging Strike 1-1: Called Strike 1-2: Strikes out swinging
|
Batting: LHB Yao-pang Chiang
|
0-0: Called Strike 0-1: Called Strike 0-2: Strikes out swinging
|
Batting: RHB Dusty Crum
|
0-0: Swinging Strike 0-1: SINGLE (Groundball, 34D, EV 98.1 MPH)
|
Pitching: RHP Jeff Mahl
|
|
Batting: RHB Griffin Woodfinlevine
|
0-0: Called Strike 0-1: Ball 1-1: Ball 2-1: Ball Wild Pitch! Dusty Crum to second 3-1: Foul Ball, location: 2F 3-2: Fly out, F7 (Flyball, 7LSF, EV 78.1 MPH)
|
Top of the 9th over - 0 runs, 1 hit, 0 errors, 1 left on base; Thunder Bay 2 - Mississippi 6 |
|